AoeStats
← jjbrown85

Arabia

510044203Analyzed
1v1 RM · 4d ago on Sep 29, 2026· 81m 5s· 2 players
Game mode
Random Map
Map size
Tiny (2 player)
Population
200
Speed
Normal
Resources
Standard
Victory
Conquest
Starting age
Dark Age
Ending age
Imperial Age
RankedLock teamsTeams togetherTeam positionsShared explorationLock speedFull tech treeHidden civsTurbo modeCheats
Victory
Defeat
🇺🇸 Georgians · United States
941
+15
🇺🇸 Danes · United States
911
-15
jjbrown85
6:22 Loom
9:23 Feudal Age
9:53 Double-Bit Axe
10:07 Man-at-Arms
13:56 Scale Mail Armor
13:58 Horse Collar
15:37 Fletching
15:48 Padded Archer Armor
23:03 Castle Age
22:10 Forging
23:14 Town Watch
23:35 Gambesons
23:51 Squires
28:19 Elite Skirmisher
31:13 Arson
35:58 Wheelbarrow
35:41 Bow Saw
37:16 Chain Mail Armor
43:35 Heavy Plow
46:16 Imperial Age
46:06 Murder Holes
51:43 Chemistry
51:03 Ballistics
51:47 Thumb Ring
57:38 Pikeman
59:28 Iron Casting
59:09 Halberdier
60:33 Elite Varangian Guard
63:04 Plate Mail Armor
62:44 Elite Jomsviking
69:02 Onager
vranade2412
7:02 Loom
10:33 Feudal Age
11:36 Double-Bit Axe
18:18 Town Watch
20:41 Horse Collar
23:17 Castle Age
24:06 Fletching
25:07 Bow Saw
25:41 Bodkin Arrow
27:26 Bloodlines
33:24 Svan Towers
34:17 Guard Tower
34:48 Ballistics
36:48 Sanctity
41:45 Imperial Age
41:04 Wheelbarrow
41:53 Scale Barding Armor
42:28 Bracer
43:52 Chemistry
45:50 Chain Barding Armor
45:48 Hand Cart
46:20 Husbandry
45:41 Light Cavalry
50:01 Keep
49:22 Murder Holes
49:54 Heavy Plow
49:36 Capped Ram
53:31 Plate Barding Armor
53:07 Forging
52:36 Siege Ram
56:39 Cavalier
57:56 Conscription
58:45 Iron Casting
69:37 Hussar
69:55 Elite Monaspa
80:23 Parthian Tactics
79:19 Heavy Cavalry Archer
Connection lost

Rejoining the realm…

Still unreachable

The connection could not be restored.

Session expired

The server has moved on; the page needs a fresh start.